 Dungeon Crawl Stone Soup version 0.19-a0-823-gd955774 (webtiles) character file.

36 Drake420 the Skirmisher (level 3, 0/43 HPs)
             Began as a Demonspawn Berserker on June 29, 2016.
             Was a Follower of Trog.
             Succumbed to Crazy Yiuf's poison
             ... on level 2 of the Dungeon.
             The game lasted 00:02:24 (1196 turns).

Drake420 the Skirmisher (Demonspawn Berserker)      Turns: 1196, Time: 00:02:24

Health: 0/43       AC: 10    Str: 23    XL:     3   Next: 19%
Magic:  3/3        EV: 12    Int:  8    God:    Trog [*.....]
Gold:   105        SH:  0    Dex: 17    Spells: 0 memorised, 2 levels left

rFire  . . .     SeeInvis .     j - -1 hand axe (curse)
rCold  . . .     Gourm    .     k - +0 plate armour
rNeg   . . .     Faith    .     (no shield)
rPois  .         Spirit   .     (no helmet)
rElec  .         Dismiss  .     (no cloak)
rCorr  .         Reflect  .     (no gloves)
SustAt .         Harm     .     (no boots)
MR     .....                    (no amulet)
Stlth  ..........               (no ring)
                                (no ring)

@: agile, berserking, lethally poisoned (0 -> -12), drained, very quick, not
resistant to hostile enchantments, extremely unstealthy
A: powered by pain 1
a: Berserk, Burn Spellbooks, Renounce Religion


You were on level 2 of the Dungeon.
You worshipped Trog.
Trog was aware of your devotion.
You were not hungry.

You visited 1 branch of the dungeon, and saw 2 of its levels.

You collected 105 gold pieces.

Inventory:

Hand Weapons
 a - a +0 hand axe
 j - a cursed -1 hand axe (weapon)
Armour
 b - a +0 animal skin
 k - a +0 plate armour (worn)
Scrolls
 d - a scroll of noise {unknown}
 g - 4 scrolls of identify
 l - 3 scrolls of enchant weapon {unknown}
Potions
 e - a potion of ambrosia
 h - a potion of mutation {unknown}
 i - 3 potions of heal wounds {unknown}
 n - 2 potions of agility {unknown}
Comestibles
 c - 2 bread rations
 f - a beef jerky


   Skills:
 + Level 3.6(3.2) Fighting
 + Level 3.1(2.8) Axes
 + Level 1.9(1.6) Armour
 + Level 2.1(1.8) Dodging


You had 2 spell levels left.
You didn't know any spells.

Dungeon Overview and Level Annotations

Branches:
Dungeon (2/15)

Altars:

Annotations:
D:2 Crazy Yiuf


Innate Abilities, Weirdness & Mutations

You sometimes gain a little power by taking damage.


Message History

You are lethally poisoned!
A red film seems to cover your vision as you go berserk!
You feel yourself moving faster!
You feel mighty!
You feel somewhat more hungry.
* * * LOW HITPOINT WARNING * * *
You feel sick.
Crazy Yiuf says, "Whippet dark sing!"
Crazy Yiuf hits you but does no damage.
You slash Crazy Yiuf!
Crazy Yiuf is heavily wounded.
* * * LOW HITPOINT WARNING * * *
You feel sick. Crazy Yiuf misses you.
You completely miss Crazy Yiuf.
Crazy Yiuf is heavily wounded.
* * * LOW HITPOINT WARNING * * *
You feel sick. Crazy Yiuf barely misses you.
You are too berserk!
You slash Crazy Yiuf!
Crazy Yiuf is almost dead.
You die...

#####
#)..#
#...#
##.......#
#.g.#
#........#
#@#
+........#
#.##
#..[.....#
##.#
#.......#
#.##
#.....#
##.# #...#
##.## #'#
##.P.# #.#
#....# #.#
##..##


You could see Crazy Yiuf.

Vanquished Creatures
  An adder (D:2)
  A dart slug (D:1)
  3 giant geckos (D:1)
  A giant cockroach (D:1)
  4 goblins (D:1)
  3 hobgoblins (D:1)
  3 bats
  3 giant newts (D:2)
  2 rats (D:1)
21 creatures vanquished.

Notes
Turn   | Place    | Note
--------------------------------------------------------------
     0 | D:1      | Drake420 the Demonspawn Berserker began the quest for the Orb.
     0 | D:1      | Reached XP level 1. HP: 18/18 MP: 1/1
    49 | D:1      | Gained mutation: You sometimes gain a little power by taking damage. [demonic ancestry]
    49 | D:1      | Reached XP level 2. HP: 16/24 MP: 2/2
   956 | D:2      | Reached XP level 3. HP: 29/29 MP: 3/3
  1127 | D:2      | Found a runed door.
  1186 | D:2      | Noticed Crazy Yiuf
  1194 | D:2      | HP: 2/43 [poisoned by Crazy Yiuf]
  1196 | D:2      | Succumbed to Crazy Yiuf's poison

Vault maps used:
D:1:      lightli_iron_boxes
D:2:      first_bread, uniq_iyjb, uniq_crazy_yiuf_cottage

Skill      XL: |  1  2 |
---------------+-------+-----
Dodging        | 2 |  2.1
Axes           | 3 |  3.1
Fighting       | |  3.6
Armour         | |  1.9

Action                   || total
-------------------------++-------
Melee: Hand axe          ||    94
Invok: Berserk           ||     1
  Use: Scroll            ||     3
  Eat: Chunk             ||     1
Armor: Animal skin       ||    11
       Plate armour      ||    36
Dodge: Dodged            ||    61
